 Dungeon Crawl Stone Soup version 0.18.1-50-g88ac8fd (webtiles) character file.

417 kurovuster the Ducker (level 6, -2/59 HPs)
             Began as a Troll Warper on Oct 29, 2016.
             Slain by an orc (3 damage)
             ... on level 7 of the Dungeon.
             The game lasted 00:18:24 (2584 turns).

kurovuster the Ducker (Troll Warper)                Turns: 2584, Time: 00:18:26

Health: -2/59      AC:  5    Str: 20 (22) XL:     6   Next: 61%
Magic:  6/6        EV: 10    Int:  7 (9)  God:
Gold:   128        SH:  3    Dex:  6 (9)  Spells: 1 memorised, 6 levels left

rFire  . . .     SeeInvis .       - Unarmed
rCold  . . .     Gourm    +     a - +0 robe
rNeg   . . .     Faith    .     (no shield)
rPois  .         Spirit   .     (helmet restricted)
rElec  .         Dismiss  .     (no cloak)
rCorr  .         Reflect  +     (gloves unavailable)
SustAt .         Harm     .     (boots unavailable)
MR     .....                    r - +3 amulet of reflection
Stlth  +.........               (no ring)
                                (no ring)

@: not resistant to hostile enchantments, very unstealthy
A: unfitting armour, claws 3, fast metabolism 3, gourmand, regeneration 2,
shaggy fur 1, tough skin 2
a: no special abilities


You were on level 7 of the Dungeon.
You were not hungry.

You visited 1 branch of the dungeon, and saw 7 of its levels.

You collected 128 gold pieces.

Inventory:

Hand Weapons
 i - a +0 hunting sling
Missiles
 e - 8 tomahawks (quivered)
Armour
 a - a +0 robe (worn)
Jewellery
 r - a +3 amulet of reflection (around neck)
Wands
 d - a wand of lightning (10/15)
Scrolls
 c - a scroll of magic mapping {unknown}
 g - 4 scrolls of identify
 l - a scroll of enchant weapon
 m - a scroll of remove curse
Books
 b - a book of Spatial Translocations

   Spells                             Type                      Level
   a - Apportation                    Translocation                1
   b - Blink                          Translocation                2
   c - Shroud of Golubria             Charms/Translocation         2
   d - Portal Projectile              Translocation                3
   e - Teleport Other                 Translocation                3
   f - Passage of Golubria            Translocation                4
Comestibles
 f - a bread ration


   Skills:
 + Level 2.4 Fighting
 + Level 1.1 Throwing
 + Level 4.4 Dodging
 + Level 0.6 Stealth
 + Level 3.7 Unarmed Combat
 + Level 1.2 Spellcasting
 + Level 2.6 Translocations


You had 6 spell levels left.
You knew the following spells:

 Your Spells              Type           Power        Failure   Level  Hunger
a - Apportation           Tloc           #.........   17%         1    ##.....


Dungeon Overview and Level Annotations

Branches:
Dungeon (7/15)
 Temple: D:4-7

Altars:

Shops:
D:6 (

Annotations:
D:3 Sigmund


Innate Abilities, Weirdness & Mutations

You are too large for most types of armour.
You have claws for hands.
Your metabolism is lightning-fast.
You like to eat raw meat.
You heal very quickly.
You are covered in fur (AC +1).
You have very tough skin (AC +2).


Message History

The orc priest is severely wounded.
You hear some strange, mumbled words.
A puff of flame appears from out of thin air!
The puff of flame misses you. You block the orc priest's attack.
You scratch the orc priest but do no damage.
The orc priest is severely wounded.
You hear some strange, mumbled words.
A magic dart appears from out of thin air!
The magic dart hits you!
* * * LOW HITPOINT WARNING * * *
The orc hits you.
* * * LOW HITPOINT WARNING * * *
The orc priest barely misses you.
You claw the orc priest!
You kill the orc priest!
You feel your strength returning. Something hits you.
* * * LOW HITPOINT WARNING * * *
The orc hits you.
You die...

.......#
#......#
#......#
#......#
#......#
#.....o#
#....()#
#....o@#
#......#
#......#
#......#
#......#
########


You could see 2 orcs.

Vanquished Creatures
  A giant frog (D:6)
  A scorpion (D:7)
  A giant frog zombie (D:5)
  An orc priest (D:7)
  A worker ant (D:3)
  8 adders
  4 gnolls (D:4)
  An ooze (D:2)
  3 worms (D:2)
  A dart slug (D:3)
  A giant gecko (D:1)
  3 orcs
  4 ball pythons
  5 giant cockroaches
  6 goblins
  6 hobgoblins
  7 jackals
  A quokka (D:2)
  6 bats
  4 giant newts
  9 kobolds
  7 rats
81 creatures vanquished.

Vanquished Creatures (others)
  An adder (D:3)
1 creature vanquished.

Grand Total: 82 creatures vanquished

Notes
Turn   | Place    | Note
--------------------------------------------------------------
     0 | D:1      | kurovuster the Troll Warper began the quest for the Orb.
     0 | D:1      | Reached XP level 1. HP: 19/19 MP: 1/1
    22 | D:1      | Reached skill level 2 in Dodging
    67 | D:1      | Reached XP level 2. HP: 27/28 MP: 2/2
   749 | D:2      | Reached XP level 3. HP: 27/35 MP: 3/3
  1162 | D:2      | Reached XP level 4. HP: 14/42 MP: 4/4
  1733 | D:3      | Reached skill level 3 in Dodging
  1735 | D:3      | Reached XP level 5. HP: 31/49 MP: 5/5
  1934 | D:3      | Noticed Sigmund
  2013 | D:4      | Reached skill level 1 in Throwing
  2021 | D:4      | Noticed an orc warrior
  2038 | D:5      | Entered Level 5 of the Dungeon
  2417 | D:6      | Found Ysaileak's Weapon Emporium.
  2417 | D:6      | Noticed an orc warrior
  2417 | D:6      | Noticed an ice beast
  2470 | D:6      | Reached XP level 6. HP: 32/57 MP: 6/6
  2475 | D:6      | Reached skill level 4 in Dodging
  2487 | D:6      | HP: 1/58 [scorpion (4)]
  2492 | D:6      | HP: 1/58 [poisoned by a scorpion]
  2583 | D:7      | HP: 2/59 [orc (1)]
  2584 | D:7      | Slain by an orc

Skill      XL: |  1  2  3  4  5  6 |
---------------+-------------------+-----
Dodging        | 2 3 4 |  4.4
Fighting       | 2 |  2.4
Unarmed Combat | 3 |  3.7
Throwing       | 1 |  1.1
Stealth        | |  0.6
Spellcasting   | |  1.2
Translocations | |  2.6

Action                   |  1- 3 |  4- 6 || total
-------------------------+-------+-------++-------
Melee: Unarmed           |    99 |   167 ||   266
       Punch             |       |     2 ||     2
Throw: Tomahawk          |       |     8 ||     8
  Use: Scroll            |       |     7 ||     7
       Potion            |       |     7 ||     7
 Stab: Sleeping          |     2 |       ||     2
       Distracted        |       |     1 ||     1
  Eat: Chunk             |    10 |     2 ||    12
       Meat ration       |       |     1 ||     1
       Bread ration      |       |     1 ||     1
       Beef jerky        |       |     1 ||     1
Armor: Robe              |    17 |    86 ||   103
Dodge: Dodged            |    36 |   159 ||   195
Block: Other             |       |    36 ||    36
       Reflection        |       |     1 ||     1
